 Dungeon Crawl Stone Soup version 0.31.0-9-g3a7656b989 (webtiles) character file.

Game seed: 9533886870114674166

1072 qw the Skirmisher (level 8, -3/39 HPs)
             Began as a Spriggan Hunter on Feb 2, 2024.
             Slain by a sleepcap (19 damage)
             ... on level 5 of the Dungeon.
             The game lasted 00:00:14 (3129 turns).

qw the Skirmisher (Spriggan Hunter)                 Turns: 3129, Time: 00:00:14

Health: -3/39      AC:  3    Str:  7    XL:     8   Next: 7%
Magic:  9/9        EV:  4    Int: 10    God:
Gold:   197        SH:  0    Dex: 21    Spells: 7/7 levels left

rFire   . . .        g - +3 orcbow (drain)
rCold   . . .        (shield currently unavailable)
rNeg    . . .        c - +0 robe
rPois   .            (helmet restricted)
rElec   .            a - +0 cloak
rCorr   .            (gloves unavailable)
SInv    +            (boots unavailable)
Will    ++...        (no amulet)
Stlth   ++           k - ring of willpower
HPRegen 0.26/turn    (no ring)
MPRegen 0.11/turn

%: no passive effects
@: sleeping, very quick
A: very small, no large weapons, unfitting armour, see invisible, speed 3
a: no special abilities


You were on level 5 of the Dungeon.
You visited 1 branch of the dungeon, and saw 5 of its levels.

You collected 197 gold pieces.


Innate Abilities, Weirdness & Mutations

You are very small and have problems with some larger weapons.
You are too small for most types of armour.
You have supernaturally acute eyesight. (SInv)
You cover ground extremely quickly. (Speed+++)


   Skills:
 - Level 2.9 Fighting
 - Level 8.0 Ranged Weapons
 + Level 7.9 Dodging
 - Level 1.5 Stealth


You had 7 spell levels left.
You didn't know any spells.
Your spell library was empty.

Inventory:

Hand Weapons
 g - a +3 orcbow of draining (weapon)
Armour
 a - a +0 cloak (worn)
 c - a +0 robe (worn)
Jewellery
 k - a ring of willpower (left hand)
Wands
 f - a wand of digging (6)
Scrolls
 e - a scroll of noise {unknown}
 i - a scroll of enchant weapon {unknown}
Potions
 d - 2 potions of curing
 h - a potion of might

Dungeon Overview and Level Annotations

Branches:
Dungeon (5/15)             Temple (0/1) D:5

Altars:
Dithmenos
Ru

Shops:
D:1 :


Message History

You shoot an arrow. The arrow closely misses the ufetubus.
The centaur shoots an arrow.
The arrow hits you! The ufetubus misses you.
The ufetubus closely misses you. x2; The ufetubus barely misses you.
3124 ||| READING scroll of teleportation.
As you read the scroll of teleportation, it crumbles to dust.
You feel strangely unstable.
The centaur unwields a +0 shortbow.
The centaur closely misses you. The centaur completely misses you.
The ufetubus hits you. The ufetubus completely misses you.
3125 ||| DRINKING potion of heal wounds.
You feel much better. The ufetubus closely misses you.
The ufetubus completely misses you. The centaur hits you.
The centaur misses you. The ufetubus completely misses you.
The ufetubus closely misses you. The centaur hits you. The centaur misses you.
You shoot an arrow. The arrow hits the centaur!
The centaur is almost dead.
Your surroundings suddenly seem different.
A sleepcap and an adder come into view.
Found a dagger.
Found a staircase to the Ecumenical Temple.
3127 ||| PLANNING TEMPLE You shoot an arrow.
The arrow hits the adder but does no damage.
You drain the adder.
The adder hisses angrily.
The adder is moderately wounded.
The adder bites you.
An adder comes into view.
The adder completely misses you.
You shoot an arrow. The adder hisses angrily.
The arrow hits the adder!!
You kill the adder!
You shoot an arrow. The arrow hits the sleepcap.
The sleepcap is lightly damaged.
The sleepcap releases spores at you.
You are engulfed in a cloud of soporific spores!
You fall asleep.
The sleepcap releases spores at you!!
You die...

.# .. #########
.# #.......#
#.......#
........+
##.......#
####.#.f%.....#
#......@.S#
#........)#
#.........#
#...........
#.........###
#.......PPP
#.......PP..
#.......P.>..


You could see a sleepcap and an adder.

Vanquished Creatures
  A steam dragon (D:4)
  A water moccasin (D:5)
  A black bear (D:5)
  3 ogres
  2 scorpions
  A jelly (D:4)
  A howler monkey (D:4)
  A bombardier beetle (D:5)
  A hound (D:5)
  Jessica (D:2)
  2 iguanas (D:4)
  2 orc wizards (D:4)
  A mummy (D:4)
  3 adders
  An ufetubus (D:5)
  A dart slug (D:1)
  4 orcs (D:4)
  3 endoplasms
  6 goblins
  8 hobgoblins
  7 jackals
  12 kobolds
  2 quokkas
  5 ball pythons
  5 bats
  4 frilled lizards
  2 kobold zombies (D:4)
  2 orc zombies (D:4)
  2 rats
85 creatures vanquished.

Notes
Turn   | Place    | Note
-------+----------+-------------------------------------------
     0 | D:1      | qw the Spriggan Hunter began the quest for the Orb.
     0 | D:1      | Reached XP level 1. HP: 10/10 MP: 2/2
     0 | D:1      | 0 ||| qw: Version: 0.3-a-155-g5e7d8dd
     0 | D:1      | 0 ||| qw: Game counter: 886
     0 | D:1      | 0 ||| qw: Melee chars always use a shield: true
     0 | D:1      | 0 ||| qw: God list: Okawaru
     0 | D:1      | 0 ||| qw: Allow faded altars: false
     0 | D:1      | 0 ||| qw: Do Orc after clearing Dungeon:15 true
     0 | D:1      | 0 ||| qw: Do second Lair branch before Depths: true
     0 | D:1      | 0 ||| qw: Lair rune preference: random
     0 | D:1      | 0 ||| qw: Goals: Normal
     0 | D:1      | 0 ||| PLANNING D:1-11
    19 | D:1      | Reached skill level 3 in Dodging
    75 | D:1      | Reached XP level 2. HP: 14/14 MP: 3/3
   299 | D:1      | Found Tevurorch's Book Emporium.
   607 | D:1      | Reached XP level 3. HP: 18/18 MP: 4/4
   674 | D:1      | 674 ||| READING 4 scrolls labelled UMEAJA DOCVUT.
   674 | D:1      | 674 ||| IDENTIFYING bubbling silvery potion
   675 | D:1      | 675 ||| DROPPING scroll of butterflies.
   710 | D:2      | 710 ||| STAIRDANCE
   755 | D:2      | Noticed Jessica
   766 | D:2      | Killed Jessica
   827 | D:2      | Reached skill level 5 in Ranged Weapons
   919 | D:2      | Reached XP level 4. HP: 22/22 MP: 5/5
  1420 | D:2      | 1420 ||| READING 4 scrolls of identify.
  1420 | D:2      | 1420 ||| IDENTIFYING blue potion
  1421 | D:2      | 1421 ||| READING 3 scrolls of identify.
  1421 | D:2      | 1421 ||| IDENTIFYING scroll labelled NAULEIREEC
  1422 | D:2      | 1422 ||| READING 2 scrolls of identify.
  1422 | D:2      | 1422 ||| IDENTIFYING scroll labelled TEDDYVVOCUI
  1422 | D:2      | Identified a scroll of acquirement
  1423 | D:2      | 1423 ||| READING scroll of acquirement.
  1423 | D:2      | 1423 ||| ACQUIRING +3 orcbow of draining
  1423 | D:2      | Acquired a +3 orcbow of draining
  1425 | D:2      | 1425 ||| SWAPPING to +3 orcbow of draining.
  1426 | D:2      | 1426 ||| DROPPING +0 shortbow.
  1427 | D:2      | 1427 ||| DROPPING potion of magic.
  1449 | D:3      | Noticed a scorpion
  1453 | D:3      | Killed a scorpion
  1454 | D:3      | Reached XP level 5. HP: 25/25 MP: 6/6
  1710 | D:3      | Found a shadowy altar of Dithmenos.
  1719 | D:3      | Found a sacrificial altar of Ru.
  1952 | D:3      | Found a faded altar of an unknown god.
  2055 | D:3      | 2055 ||| UPGRADING to +0 cloak.
  2060 | D:3      | 2060 ||| UPGRADING to ring of willpower.
  2061 | D:3      | 2061 ||| READING scroll of identify.
  2061 | D:3      | 2061 ||| IDENTIFYING 2 grey potions
  2062 | D:3      | 2062 ||| READING scroll labelled URCHAL SAGEMMIV.
  2063 | D:3      | 2063 ||| READING scroll labelled UJAAZU GIYNU.
  2164 | D:3      | 2164 ||| READING scroll labelled OXTIOR WITOFF.
  2165 | D:3      | 2165 ||| READING scroll labelled OSEUTEWEKO.
  2166 | D:3      | 2166 ||| DROPPING 2 potions of brilliance.
  2197 | D:4      | Noticed an ogre
  2200 | D:4      | Killed an ogre
  2207 | D:4      | Reached XP level 6. HP: 26/32 MP: 7/7
  2212 | D:4      | 2212 ||| FLEEEEING.
  2213 | D:4      | 2213 ||| FLEEEEING.
  2215 | D:4      | 2215 ||| FLEEEEING.
  2216 | D:4      | 2216 ||| FLEEEEING.
  2218 | D:4      | 2218 ||| FLEEEEING.
  2232 | D:4      | Reached skill level 6 in Ranged Weapons
  2371 | D:4      | Reached skill level 6 in Dodging
  2551 | D:4      | Reached XP level 7. HP: 35/35 MP: 8/8
  2601 | D:4      | Noticed a steam dragon
  2603 | D:4      | Killed a steam dragon
  2604 | D:4      | Reached skill level 7 in Ranged Weapons
  3015 | D:4      | 3015 ||| DROPPING +6 ring of intelligence.
  3016 | D:4      | 3016 ||| READING 2 scrolls of identify.
  3016 | D:4      | 3016 ||| IDENTIFYING viscous cyan potion
  3017 | D:4      | 3017 ||| READING scroll of identify.
  3017 | D:4      | 3017 ||| IDENTIFYING dark potion
  3018 | D:4      | 3018 ||| READING scroll labelled UXZUVA OMOOZEQEAR.
  3042 | D:5      | Entered Level 5 of the Dungeon
  3112 | D:5      | Reached XP level 8. HP: 39/39 MP: 9/9
  3115 | D:5      | Reached skill level 8 in Ranged Weapons
  3123 | D:5      | HP: 3/39 [centaur/arrow (8)]
  3124 | D:5      | 3124 ||| READING scroll of teleportation.
  3125 | D:5      | 3125 ||| DRINKING potion of heal wounds.
  3126 | D:5      | Found a staircase to the Ecumenical Temple.
  3127 | D:5      | 3127 ||| PLANNING TEMPLE
  3129 | D:5      | Slain by a sleepcap

Levels and vault maps discovered:
D:1:      tarquinn_simple_flora_water_b, layout_basic, serial_shops, shop,
          minmay_strange_pillars
D:2:      layout_loops_ring, uniq_jessica
D:3:      layout_basic, mainiacjoe_overflow_swirl, serial_glass,
          glass_columns_c, glass_columns_b, glass_columns_a, glass_columns_a,
          hellmonk_ecumenical_altar_crossroads, kennysheep_cross_room
D:4:      layout_gridville, minmay_mini_ossuary
D:5:      lemuel_ratsnest, layout_basic, minmay_temple_entry_overgrown,
          uniq_duvessa

Skill      XL: |  1  2  3  4  5  6  7  8 |
---------------+-------------------------+-----
Dodging        | 3 4 5 6 7 |  7.9
Ranged Weapons | 5 6 7 8 |  8.0
Fighting       | 2 |  2.9
Stealth        | |  1.5

Action                     |  1- 3 |  4- 6 |  7- 9 || total
---------------------------+-------+-------+-------++-------
   Fire: Shortbow          |   105 |    26 |       ||   131
         Orcbow            |       |    76 |    53 ||   129
    Use: Scroll            |     1 |     9 |     4 ||    14
         Potion            |       |       |     1 ||     1
 Armour: Robe              |    14 |     2 |    15 ||    31
  Dodge: Dodged            |    41 |    22 |    48 ||   111

Table legend:
 A = Non-vault XP
 B = Vault XP
 C = Vault XP percentage of total XP
 D = Non-vault monster count
 E = Vault monster count
 F = Vault count percentage of total count
                 A         B        C        D         E       F
            +---------+---------+-------+---------+---------+-------
      Total |    1475 |      57 |   3.7 |      79 |       6 |   7.1
            +---------+---------+-------+---------+---------+-------
        D:1 |      42 |       0 |   0.0 |      25 |       0 |   0.0
        D:2 |      30 |      37 |  55.2 |      12 |       1 |   7.7
        D:3 |      98 |       0 |   0.0 |       9 |       0 |   0.0
        D:4 |     804 |      20 |   2.4 |      26 |       5 |  16.1
        D:5 |     501 |       0 |   0.0 |       7 |       0 |   0.0
            +---------+---------+-------+---------+---------+-------
